 Dungeon Sprint DCSS version 0.17-a0-1769-g54adf96 (console) character file.

110 utis the Conjurer (level 4, -5/24 HPs)
             Began as a Tengu Fire Elementalist on Sept 7, 2015.
             Killed from afar by Sigmund (7 damage)
             ... with a magic dart
             ... in the Dungeon (Sprint I: "Red Sonja").
             The game lasted 00:01:46 (323 turns).

utis the Conjurer (Tengu Fire Elementalist)          Turns: 323, Time: 00:01:46

Health: -5/24      AC:  2    Str:  9    XL:     4   Next: 91%
Magic:  0/9        EV: 14    Int: 16    God:
Gold:   0          SH:  0    Dex: 14    Spells: 3 memorised, 1 level left

rFire  . . .     SeeInvis .     (no weapon)
rCold  . . .     Clarity  .     a - +0 robe
rNeg   . . .     SustAt   .     (no shield)
rPois  .         Gourm    .     (helmet restricted)
rElec  .         Spirit   .     (no cloak)
rCorr  .         Warding  .     (no gloves)
rMut   .         NoTele   +     (boots unavailable)
MR     .....                    (no amulet)
Stlth  ++........               (no ring)
                                (no ring)

@: very slightly contaminated, not resistant to hostile enchantments, unstealthy
A: beak, talons 3
a: no special abilities


You were in the Dungeon.
You were not hungry.

You visited 1 branch

Inventory:

Armour
 a - a +0 robe (worn)
Scrolls
 i - a scroll of blinking {!r}
Potions
 d - a potion of curing
 e - a potion of heal wounds
 f - a potion of haste
 g - 2 potions of magic
 h - a potion of ambrosia {unknown}
Books
 b - a book of Flames

   Spells                             Type                      Level
   a - Flame Tongue                   Conjuration/Fire             1
   b - Throw Flame                    Conjuration/Fire             2
   c - Conjure Flame                  Conjuration/Fire             3
   d - Inner Flame                    Hexes/Fire                   3
   e - Sticky Flame                   Conjuration/Fire             4
   f - Fireball                       Conjuration/Fire             5
Comestibles
 c - a bread ration


   Skills:
 + Level 4.7 Dodging
 - Level 2.0 Stealth
 - Level 3.0 Spellcasting
 * Level 7.3 Conjurations
 * Level 7.0 Fire Magic


You had one spell level left.
You knew the following spells:

 Your Spells              Type           Power        Failure   Level  Hunger
a - Flame Tongue          Conj/Fire      ####.        1%          1    #......
b - Sticky Flame          Conj/Fire      ####....     12%         4    #####..
d - Conjure Flame         Conj/Fire      ####....     3%          3    ###....


Dungeon Overview and Level Annotations

Branches:
Dungeon (1/1)

Altars:

Annotations:
D Sigmund


Innate Abilities, Weirdness & Mutations

You have a beak for a mouth.
You have claws for feet.


Message History

You feel less confused.
Casting: Flame Tongue
Confirm with . or Enter, or press ? or * to list all spells.
Aiming: Flame Tongue
Press: ? - help, Shift-Dir - straight line, f/p - Sigmund
Aim: Sigmund, wielding a scythe and wearing a robe (moderately wounded)
The flame tongue hits Sigmund.
Sigmund is severely wounded.
* * * LOW MAGIC WARNING * * *
Sigmund gestures at you while chanting. The puff of flame hits you!
* * * LOW HITPOINT WARNING * * *
Unknown command.
There is a fountain of clear blue water here.
Sigmund casts a spell at you. You resist with some effort.
There is a fountain of clear blue water here.
Sigmund gestures at you while chanting. The magic dart hits you!
You die...

▓▓▓▓▓▓▓▓▓▓▓▓▓
▓<.▓..').▓..+
▓..'..▓..'..▓
▓..▓▓▓▓▓+▓▓▓▓
▓.@▓ ▓..▓
▓Q.▓ ▓⌠⌠▓
▓▓▓▓


You could see Sigmund.

Vanquished Creatures
  An ogre (D)
  Ijyb (D)
2 creatures vanquished.

Vanquished Creatures (others)
  A gargoyle (D)
1 creature vanquished.

Grand Total: 3 creatures vanquished

Notes
Turn   | Place    | Note
--------------------------------------------------------------
     0 | D        | utis the Tengu Fire Elementalist began the quest for the Orb.
     0 | D        | Reached XP level 1. HP: 10/10 MP: 4/4
     2 | D        | Noticed Ijyb
     8 | D        | Killed Ijyb
     8 | D        | Reached skill level 4 in Conjurations
     8 | D        | Reached skill level 5 in Fire Magic
     8 | D        | Reached XP level 2. HP: 15/15 MP: 4/7
     8 | D        | Reached XP level 3. HP: 19/19 MP: 4/8
   153 | D        | Killed a gargoyle
   183 | D        | Learned a level 3 spell: Conjure Flame
   192 | D        | Noticed an ogre
   200 | D        | Killed an ogre
   200 | D        | Reached skill level 7 in Conjurations
   200 | D        | Reached XP level 4. HP: 24/24 MP: 0/9
   290 | D        | Learned a level 4 spell: Sticky Flame
   291 | D        | Noticed Sigmund
   323 | D        | Killed from afar by Sigmund

Vault maps used:
D:        dungeon_sprint_1

Action                   |  1- 3 |  4- 6 || total
-------------------------+-------+-------++-------
Melee: Unarmed           |     4 |       ||     4
 Cast: Flame Tongue      |     6 |     5 ||    11
       Conjure Flame     |     1 |       ||     1
  Use: Potion            |     1 |       ||     1
